 Dungeon Sprint DCSS version 0.17-a0-1564-g7b572aa (webtiles) character file.

447 nuthulu the Warrior (level 11, -1/113 HPs)
             Began as a Minotaur Fighter on July 21, 2015.
             Was a High Priest of Okawaru.
             Slain by a wolf spider (2 damage)
             ... in the Dungeon (Sprint VI: "Thunderdome").
             The game lasted 00:06:25 (866 turns).

nuthulu the Warrior (Minotaur Fighter)               Turns: 866, Time: 00:06:26

Health: -1/113     AC: 18    Str: 25    XL:     11   Next: 10%
Magic:  1/1        EV:  9    Int: 10    God:    Okawaru [*****.]
Gold:   0          SH:  0    Dex: 17    Spells: 0 memorised, 10 levels left

rFire  + . .     SeeInvis .     y - +2 battleaxe (flame)
rCold  . . .     Clarity  .     t - +0 plate armour
rNeg   + . .     SustAt   .     (no shield)
rPois  .         Gourm    .     c - +0 hat of the Camelopard {+Fly rN+ rCorr} (curse)
rElec  .         Spirit   .     u - +0 cloak
rCorr  +         Warding  .     (no gloves)
rMut   .         NoTele   +     (no boots)
MR     +....                    q - amulet of Niciuthreul {+Rage MP-9 Dex+4 Slay+6}
Stlth  ..........               p - ring of Sielyt {+Inv MR+}
                                r - ring of Zeita {rF+ Str+4 Int+5}

@: somewhat resistant to hostile enchantments, extremely unstealthy
A: retaliatory headbutt, horns 2
a: Heroism, Finesse, Renounce Religion, Evoke Berserk Rage, Evoke Invisibility,
Evoke Flight
}: 1/15 runes: decaying


You were in the Dungeon.
You worshipped Okawaru.
Okawaru was extremely pleased with you.
You were not hungry.

You visited 1 branch You collected 750 gold pieces.
You spent 750 gold pieces at shops.

Inventory:

Hand weapons
 a - a +0 war axe
 v - a +0 broad axe
 y - a +2 battleaxe of flaming (weapon)
Armour
 b - a +0 scale mail
 c - the cursed +0 hat of the Camelopard (worn) {+Fly rN+ rCorr}
   (You bought it in a shop in the Dungeon)

   It protects you from negative energy.
   It lets you fly.
   It protects you from acid and corrosion.
   It has a curse placed upon it.
 t - a +0 plate armour (worn)
 u - a +0 cloak (worn)
Jewellery
 p - the ring of Sielyt (right hand) {+Inv MR+}
   (You bought it in a shop in the Dungeon)

   [ring of invisibility]

   It affects your resistance to hostile enchantments.
   It lets you turn invisible.
 q - the amulet of Niciuthreul (around neck) {+Rage MP-9 Dex+4 Slay+6}
   (You bought it in a shop in the Dungeon)

   [amulet of rage]

   It affects your dexterity (+4).
   It affects your accuracy and damage with ranged weapons and melee attacks
   (+6).
   It affects your magic capacity (-9).
   It lets you go berserk.
 r - the ring of Zeita (left hand) {rF+ Str+4 Int+5}
   (You bought it in a shop in the Dungeon)

   [ring of strength]

   It affects your strength (+4).
   It affects your intelligence (+5).
   It protects you from fire.
Magical devices
 l - a wand of cold (5)
 m - a wand of fire (5)
 x - a wand of fireball (5)
Scrolls
 k - 4 scrolls of blinking
 n - 3 scrolls of fog
Potions
 d - a potion of might
 g - 3 potions of heal wounds
 h - 4 potions of haste
 i - 2 potions of magic
 j - a potion of berserk rage
 o - 2 potions of resistance
Comestibles
 e - a bread ration


   Skills:
 + Level 15.4 Fighting
 + Level 14.4 Axes
 + Level 15.2 Armour
 - Level 1.8 Dodging
   Level 13.9 Shields


You had 10 spell levels left.
You didn't know any spells.

Dungeon Overview and Level Annotations

Branches:
Dungeon (1/1)

Altars:
Cheibriados
Dithmenos
Fedhas
Gozag
Kikubaaqudgha
Makhleb
Okawaru
Qazlal
Ru
Sif Muna
Trog
Vehumet
Xom
Yredelemnul
Zin
The Shining One
Jiyva
Lugonu

Shops:
D *[%??*?*:[((!!!!


Innate Abilities, Weirdness & Mutations

You reflexively headbutt those who attack you in melee.
You have a pair of horns on your head.


Message History

The wolf spider hits you but does no damage.
The wolf spider bites you but does no damage.
You slash the wolf spider! You burn the wolf spider.
The wolf spider is moderately wounded.
You hit the wolf spider but do no damage.
The wolf spider is almost dead.
The wolf spider hits you!
* * * LOW HITPOINT WARNING * * *
The wolf spider bites you but does no damage.
The wolf spider hits you!
* * * LOW HITPOINT WARNING * * *
The wolf spider barely misses you.
Unknown command.
You slash the wolf spider! You burn the wolf spider.
You kill the wolf spider!
Okawaru is honoured by your kill.
You slash the wolf spider! You burn the wolf spider.
The wolf spider is heavily wounded.
The wolf spider hits you.
You die...

#_......._# #........_#
#........_# ###.........###
#⌠...........⌠#
######.8.........8.######
##∩_._......###....s..__∩##
#∩........8[# #..........∩###
.......).s.)###†@s..........##
.........###...###..........⌠#
.......[.# #.<.# #..........⌠#
......)..###...###..........⌠#
..[)........###†............##
#∩........8.# #.8........∩###
##∩___......###...÷..__.∩##
######.8.......÷.8.######
#⌠..[).......⌠#


You could see a wolf spider and an orb spider.

Vanquished Creatures
  An emperor scorpion (D)
  A wizard (D)
  An ogre mage (D)
  An orc high priest (D)
  A wolf spider (D)
  2 two-headed ogres (D)
  A trapdoor spider (D)
  A spider (D)
  A swamp drake (D)
  An orc warrior (D)
  An ogre (D)
  2 orc priests (D)
  An orc wizard (D)
  A gnoll shaman (D)
  4 gnolls (D)
  2 worms (D)
  An orc (D)
  3 giant cockroaches (D)
  A hobgoblin (D)
27 creatures vanquished.

Notes
Turn   | Place    | Note
--------------------------------------------------------------
     0 | D        | nuthulu the Minotaur Fighter began the quest for the Orb.
     0 | D        | Reached XP level 1. HP: 19/19 MP: 0/0
     1 | D        | Found a stormy altar of Qazlal.
     1 | D        | Found an ancient bone altar of Kikubaaqudgha.
     2 | D        | Found a burning altar of Makhleb.
     2 | D        | Found a glowing golden altar of the Shining One.
     3 | D        | Found a deep blue altar of Sif Muna.
     4 | D        | Found Raisoov's Do-It-Yourself Clinic.
     4 | D        | Found a glowing silver altar of Zin.
     4 | D        | Found Hesagaz's Distillery.
     5 | D        | Found Kugexier's Bottled Wisdom.
     5 | D        | Found Meame's Distillery.
     5 | D        | Round 1.
     8 | D        | Found a shimmering altar of Xom.
     9 | D        | Found a basalt altar of Yredelemnul.
    10 | D        | Found a radiant altar of Vehumet.
    11 | D        | Found an opulent altar of Gozag.
    11 | D        | Found Edosast's Staff Store.
    11 | D        | Found Zicurol's Magic Scroll Shop.
    12 | D        | Found Muask's Must-Have Magic.
    12 | D        | Found Wuiceel's Magic Scroll Shop.
    16 | D        | Noticed Crazy Yiuf
    16 | D        | Found a shadowy altar of Dithmenos.
    18 | D        | Found a blossoming altar of Fedhas.
    19 | D        | Found Zegu's Bee Food.
    20 | D        | Found Guaropao's Jewellery.
    20 | D        | Found Ripitechob's Advanced Armour.
    20 | D        | Found a sacrificial altar of Ru.
    20 | D        | Found an iron altar of Okawaru.
    20 | D        | Found a snail-covered altar of Cheibriados.
    20 | D        | Found Xodeduli's Identification Station.
    24 | D        | Found a viscous altar of Jiyva.
    24 | D        | Noticed a gnoll shaman
    28 | D        | Became a worshipper of Warmaster Okawaru
    32 | D        | Killed a gnoll shaman
    32 | D        | Reached skill level 5 in Fighting
    32 | D        | Reached skill level 5 in Armour
    32 | D        | Reached skill level 5 in Shields
    32 | D        | Reached XP level 2. HP: 12/29 MP: 1/1
    32 | D        | Reached XP level 3. HP: 14/37 MP: 2/2
    39 | D        | Bought a crude copper ring for 45 gold pieces
    39 | D        | Bought a faintly glowing ruby amulet for 45 gold pieces
    39 | D        | Bought an ancient platinum ring for 45 gold pieces
    39 | D        | Identified the ring of Zeita {rF+ Str+4 Int+5} (You bought it in a shop in the Dungeon)
    40 | D        | Identified the ring of Sielyt {+Inv MR+} (You bought it in a shop in the Dungeon)
    41 | D        | Identified the amulet of Niciuthreul {+Rage MP-9 Dex+4 Slay+6} (You bought it in a shop in the Dungeon)
    61 | D        | Reached skill level 6 in Fighting
    84 | D        | Found a corrupted altar of Lugonu.
    85 | D        | Found a bloodstained altar of Trog.
   137 | D        | Arena points: 6 (+6) [x1]
   137 | D        | Reached XP level 4. HP: 15/45 MP: 0/3
   152 | D        | Round 2.
   165 | D        | Found Zekuwae's Premium Goods.
   165 | D        | Noticed a spider
   166 | D        | Found Urorhuno's Weapon Rack.
   166 | D        | Found Waiwn's Miscellaneous Merchandise.
   166 | D        | Found Wyacliom's Basic Armour.
   175 | D        | Killed a spider
   175 | D        | Acquired Okawaru's first power
   175 | D        | Reached skill level 8 in Fighting
   175 | D        | Reached skill level 5 in Axes
   175 | D        | Reached skill level 1 in Dodging
   175 | D        | Reached XP level 5. HP: 20/53 MP: 0/4
   226 | D        | Bought a potion of curing for 21 gold pieces
   239 | D        | Arena points: 34 (+28) [x2]
   256 | D        | Round 3.
   257 | D        | Noticed a two-headed ogre
   257 | D        | Noticed an ogre mage
   257 | D        | Noticed an ogre
   272 | D        | Killed an ogre
   272 | D        | Reached skill level 9 in Fighting
   274 | D        | Killed a two-headed ogre
   274 | D        | Reached skill level 10 in Fighting
   274 | D        | Reached XP level 6. HP: 36/66 MP: 0/5
   279 | D        | Noticed a two-headed ogre
   281 | D        | Killed an ogre mage
   281 | D        | Reached skill level 11 in Fighting
   281 | D        | Reached skill level 10 in Axes
   281 | D        | Reached XP level 7. HP: 27/74 MP: 0/6
   281 | D        | Reached XP level 8. HP: 29/82 MP: 0/7
   286 | D        | Killed a two-headed ogre
   312 | D        | Noticed an ogre
   314 | D        | Arena points: 79 (+45) [x3]
   329 | D        | Round 4.
   341 | D        | Bought 3 potions of heal wounds for 105 gold pieces
   347 | D        | Reached skill level 12 in Fighting
   376 | D        | Noticed an orc high priest
   383 | D        | Killed an orc high priest
   383 | D        | Acquired Okawaru's second power
   394 | D        | Reached XP level 9. HP: 74/92 MP: 0/8
   462 | D        | Arena points: 207 (+128) [x4]
   479 | D        | Bought a +0 cloak for 54 gold pieces
   485 | D        | Bought a +0 broad axe for 120 gold pieces
   517 | D        | Round 5.
   531 | D        | Reached skill level 13 in Fighting
   557 | D        | Noticed a witch
   566 | D        | Noticed an alligator
   581 | D        | Noticed a swamp dragon
   591 | D        | Killed a witch
   591 | D        | Received a gift from Okawaru
   591 | D        | Arena points: 447 (+240) [x6]
   591 | D        | Reached skill level 14 in Fighting
   594 | D        | Got a decaying rune of Zot
   596 | D        | Reached XP level 10. HP: 53/104 MP: 0/9
   633 | D        | Bought a polished hat for 315 gold pieces
   638 | D        | Identified the cursed +0 hat of the Camelopard {+Fly rN+ rCorr} (You bought it in a shop in the Dungeon)
   795 | D        | Round 6.
   827 | D        | Noticed an emperor scorpion
   846 | D        | Noticed an orb spider
   850 | D        | Killed an emperor scorpion
   850 | D        | Reached skill level 15 in Fighting
   850 | D        | Reached XP level 11. HP: 19/112 MP: 1/10
   852 | D        | Reached skill level 15 in Armour
   856 | D        | Noticed a wolf spider
   859 | D        | Noticed a wolf spider
   865 | D        | HP: 1/112 [wolf spider (9)]
   866 | D        | Killed a wolf spider
   866 | D        | Slain by a wolf spider

Vault maps used:
D:        arena_sprint

Action                   |  1- 3 |  4- 6 |  7- 9 | 10-12 || total
-------------------------+-------+-------+-------+-------++-------
Melee: War axe           |    14 |    19 |    18 |       ||    51
       Broad axe         |       |       |    18 |       ||    18
       Battleaxe         |       |       |       |    23 ||    23
  Use: Potion            |       |     1 |     3 |     3 ||     7
 Stab: Confused          |       |       |     2 |       ||     2
